TOP OF THE 1ST |
Portland Sea Dogs batting - Pitching for Birmingham Barons : LHP Mario Castro
|
Pitching: LHP Mario Castro
|
|
Batting: RHB John Chiesa
|
0-0: Fly out, F3 (Line Drive, 3, EV 66.9 MPH)
|
Batting: RHB Adugna Chandu
|
0-0: Ball 1-0: Foul Ball, location: 2F 1-1: Ball 2-1: Foul Ball, location: 2F 2-2: Ball 3-2: SOLO HOME RUN (Flyball, 7D, EV 99.4 MPH), Distance : 381 ft
|
Batting: RHB Manny Jurado
|
0-0: Ball 1-0: Swinging Strike 1-1: Called Strike 1-2: Ball 2-2: Fly out, F9 (Flyball, 9, EV 88.8 MPH)
|
Batting: RHB Neil Mautone
|
0-0: Ball 1-0: Called Strike 1-1: Ball 2-1: Reached on error, E6 (Groundball, 6, EV 98.8 MPH)
|
Batting: RHB Joe Evrard
|
0-0: Ball 1-0: Foul Ball, location: 2F 1-1: Ball 2-1: Foul Ball, location: 2F 2-2: Strikes out swinging
|
Top of the 1st over - 1 run, 1 hit, 1 error, 1 left on base; Portland 1 - Birmingham 0 |
BOTTOM OF THE 1ST |
Birmingham Barons batting - Pitching for Portland Sea Dogs : LHP John Hotham
|
Pitching: LHP John Hotham
|
|
Batting: RHB Adam Lambert
|
0-0: Ball 1-0: Foul Ball, location: 2F 1-1: Ball 2-1: Ground out 1-3 (Groundball, 13S, EV 73.1 MPH)
|
Batting: SHB In-sung Lee
|
0-0: Ball 1-0: Fly out, F6 (Flyball, 56D, EV 91.2 MPH)
|
Batting: RHB Paul Lloyd
|
0-0: Foul Ball, location: 2F 0-1: Foul Ball, location: 2F 0-2: Ball 1-2: Ball 2-2: Ground out 6-3 (Groundball, 56, EV 83.8 MPH)
|
Bottom of the 1st over - 0 runs, 0 hits, 0 errors, 0 left on base; Portland 1 - Birmingham 0 |
TOP OF THE 2ND |
Portland Sea Dogs batting - Pitching for Birmingham Barons : LHP Mario Castro
|
Batting: LHB Blake Sams
|
0-0: Called Strike 0-1: Swinging Strike 0-2: Ground out 4-3 (Groundball, 4, EV 105.6 MPH)
|
Batting: RHB Carlos Nolasco
|
0-0: Ball 1-0: Called Strike 1-1: Ball 2-1: Foul Ball, location: 2F 2-2: Strikes out swinging
|
Batting: LHB Julian Toney
|
0-0: Ball 1-0: Swinging Strike 1-1: Ball 2-1: Swinging Strike 2-2: Strikes out looking
|
Top of the 2nd over - 0 runs, 0 hits, 0 errors, 0 left on base; Portland 1 - Birmingham 0 |
BOTTOM OF THE 2ND |
Birmingham Barons batting - Pitching for Portland Sea Dogs : LHP John Hotham
|
Batting: LHB Dustin Taylor
|
0-0: Ground out 5-3 (Groundball, 5, EV 86.2 MPH)
|
Batting: RHB Alex Harvey
|
0-0: Called Strike 0-1: Swinging Strike 0-2: Ball 1-2: Foul Ball, location: 2F 1-2: Strikes out swinging
|
Batting: RHB Felix Torres
|
0-0: Foul Ball, location: 2F 0-1: Ball 1-1: Ball 2-1: Fly out, F8 (Flyball, 8LD, EV 93.1 MPH)
|
Bottom of the 2nd over - 0 runs, 0 hits, 0 errors, 0 left on base; Portland 1 - Birmingham 0 |
TOP OF THE 3RD |
Portland Sea Dogs batting - Pitching for Birmingham Barons : LHP Mario Castro
|
Batting: LHB Jarrett Mordecai
|
0-0: Called Strike 0-1: Ball 1-1: Ball 2-1: Ball 3-1: Base on Balls
|
Batting: RHB John Chiesa
|
0-0: Ball 1-0: TRIPLE (Line Drive, 8LXD, EV 113.8 MPH) Jarrett Mordecai scores
|
Batting: RHB Adugna Chandu
|
0-0: Ball 1-0: Swinging Strike 1-1: Ball 2-1: Ball 3-1: Called Strike 3-2: Ground out 1-3 (Groundball, P, EV 67.5 MPH)
|
Batting: RHB Manny Jurado
|
0-0: Ball 1-0: Ball 2-0: Called Strike 2-1: Swinging Strike 2-2: Strikes out swinging
|
Batting: RHB Neil Mautone
|
0-0: Called Strike 0-1: Ball 1-1: Ball 2-1: Foul Ball, location: 2F 2-2: Ball 3-2: Base on Balls
|
Batting: RHB Joe Evrard
|
0-0: Ball 1-0: Foul Ball, location: 2F 1-1: Foul Ball, location: 2F 1-2: Fly out, F9 (Line Drive, 9D, EV 91.9 MPH)
|
Top of the 3rd over - 1 run, 1 hit, 0 errors, 2 left on base; Portland 2 - Birmingham 0 |
BOTTOM OF THE 3RD |
Birmingham Barons batting - Pitching for Portland Sea Dogs : LHP John Hotham
|
Batting: LHB Wes Goscinski
|
0-0: Ball 1-0: Called Strike 1-1: Ball 2-1: Foul Ball, location: 2F 2-2: Ball 3-2: Base on Balls
|
Batting: RHB Hector Padilla
|
0-0: Ball 1-0: Ball 2-0: Called Strike 2-1: Foul Ball, location: 2F 2-2: Ball 3-2: Fielders Choice at 2nd, 2-6 (Groundball, 13S, EV 70.6 MPH)
|
Batting: RHB Jeff Cox
|
0-0: Ball 1-0: Called Strike 1-1: Ball Hector Padilla steals 2nd base (no throw) 2-1: Ground out 5-3 (Groundball, 56, EV 93.1 MPH)
|
Batting: RHB Adam Lambert
|
0-0: Foul Ball, location: 2F 0-1: Ball 1-1: Ball 2-1: Foul Ball, location: 2F 2-2: Ground out 6-3 (Groundball, 6, EV 100.0 MPH)
|
Bottom of the 3rd over - 0 runs, 0 hits, 0 errors, 1 left on base; Portland 2 - Birmingham 0 |
TOP OF THE 4TH |
Portland Sea Dogs batting - Pitching for Birmingham Barons : LHP Mario Castro
|
Batting: LHB Blake Sams
|
0-0: Ball 1-0: DOUBLE (Flyball, 8RXD, EV 90.0 MPH)
|
Batting: RHB Carlos Nolasco
|
0-0: Ball 1-0: Ball 2-0: Fly out, F8 (Flyball, 8RD, EV 103.1 MPH) Runner from 2nd tags up, SAFE at 3rd, no throw by CF
|
Batting: LHB Julian Toney
|
0-0: Ball 1-0: Ball 2-0: Foul Ball, location: 2F 2-1: Ball 3-1: Foul Ball, location: 2F 3-2: Strikes out swinging
|
Batting: LHB Jarrett Mordecai
|
0-0: Swinging Strike 0-1: Foul Ball, location: 2F 0-2: Foul Ball, location: 2F 0-2: Ground out 6-3 (Groundball, 4M, EV 94.4 MPH)
|
Top of the 4th over - 0 runs, 1 hit, 0 errors, 1 left on base; Portland 2 - Birmingham 0 |
BOTTOM OF THE 4TH |
Birmingham Barons batting - Pitching for Portland Sea Dogs : LHP John Hotham
|
Batting: SHB In-sung Lee
|
0-0: Ball 1-0: Called Strike 1-1: Ball 2-1: Ball 3-1: Swinging Strike 3-2: Strikes out swinging
|
Batting: RHB Paul Lloyd
|
0-0: Swinging Strike 0-1: Swinging Strike 0-2: Fly out, F7 (Flyball, 78S, EV 96.2 MPH)
|
Batting: LHB Dustin Taylor
|
0-0: Ball 1-0: Called Strike 1-1: Ball 2-1: Ball 3-1: Foul Ball, location: 2F 3-2: Foul Ball, location: 2F 3-2: Base on Balls
|
Batting: RHB Alex Harvey
|
0-0: Called Strike 0-1: Foul Ball, location: 2F 0-2: Ball 1-2: Foul Ball, location: 2F 1-2: Strikes out swinging
|
Bottom of the 4th over - 0 runs, 0 hits, 0 errors, 1 left on base; Portland 2 - Birmingham 0 |
TOP OF THE 5TH |
Portland Sea Dogs batting - Pitching for Birmingham Barons : LHP Mario Castro
|
Batting: RHB John Chiesa
|
0-0: Ball 1-0: Swinging Strike 1-1: Foul Ball, location: 2F 1-2: Ball 2-2: Ball 3-2: Base on Balls
|
Batting: RHB Adugna Chandu
|
0-0: Called Strike 0-1: Ball 1-1: Fly out, F8 (Flyball, 8RS, EV 83.1 MPH)
|
Batting: RHB Manny Jurado
|
0-0: Ball John Chiesa is caught stealing 2nd base 2-4 1-0: Ground out 4-3 (Groundball, 4M, EV 101.2 MPH)
|
Top of the 5th over - 0 runs, 0 hits, 0 errors, 0 left on base; Portland 2 - Birmingham 0 |
BOTTOM OF THE 5TH |
Birmingham Barons batting - Pitching for Portland Sea Dogs : LHP John Hotham
|
Batting: RHB Felix Torres
|
0-0: Ball 1-0: Called Strike 1-1: Ball 2-1: Called Strike 2-2: Ball 3-2: Strikes out swinging, 2-3 out at first.
|
Batting: LHB Wes Goscinski
|
0-0: Ball 1-0: Ball 2-0: Called Strike 2-1: Ball 3-1: Base on Balls
|
Batting: RHB Hector Padilla
|
0-0: Ball 1-0: Ball 2-0: Ball 3-0: Base on Balls Wes Goscinski to second
|
Batting: RHB Jeff Cox
|
0-0: Ball Wild Pitch! Wes Goscinski to third Hector Padilla to second 1-0: Foul Ball, location: 2F 1-1: Called Strike 1-2: Foul Ball, location: 2F 1-2: Ball 2-2: Ground out 6-3 (Groundball, 6, EV 76.9 MPH) Wes Goscinski scores Hector Padilla to third
|
Batting: RHB Adam Lambert
|
0-0: Bunt for hit to 13S - play at first, batter OUT! 1-3
|
Bottom of the 5th over - 1 run, 0 hits, 0 errors, 1 left on base; Portland 2 - Birmingham 1 |
TOP OF THE 6TH |
Portland Sea Dogs batting - Pitching for Birmingham Barons : LHP Mario Castro
|
Batting: RHB Neil Mautone
|
0-0: Ball 1-0: Called Strike 1-1: SINGLE (Line Drive, 9S, EV 108.1 MPH)
|
Batting: RHB Joe Evrard
|
0-0: Ball 1-0: Called Strike 1-1: Swinging Strike 1-2: Ball 2-2: Foul Ball, location: 2F 2-2: Ball 3-2: Foul Ball, location: 2F 3-2: Base on Balls Neil Mautone to second
|
Pitching: RHP George Cooper
|
|
Batting: LHB Blake Sams
|
0-0: Called Strike 0-1: Swinging Strike 0-2: Ball 1-2: Ball 2-2: Fielders Choice at 2nd, 4-6 (Groundball, 4, EV 96.9 MPH) Neil Mautone to third
|
Batting: RHB Carlos Nolasco
|
0-0: Called Strike 0-1: Called Strike Blake Sams steals 2nd, throwing error, E2 Neil Mautone scores Blake Sams to third 0-2: Ball 1-2: Fly out, F9 (Flyball, 89D, EV 90.6 MPH) Runner from 3rd tags up, SCORES, no throw by RF
|
Batting: LHB Julian Toney
|
0-0: Swinging Strike 0-1: Ball 1-1: Swinging Strike 1-2: Strikes out swinging
|
Top of the 6th over - 2 runs, 1 hit, 1 error, 0 left on base; Portland 4 - Birmingham 1 |
BOTTOM OF THE 6TH |
Birmingham Barons batting - Pitching for Portland Sea Dogs : LHP John Hotham
|
Batting: SHB In-sung Lee
|
0-0: Ground out 4-3 (Groundball, 6M, EV 99.4 MPH)
|
Batting: RHB Paul Lloyd
|
0-0: Foul Ball, location: 2F 0-1: Ball 1-1: Swinging Strike 1-2: Strikes out swinging wild pitch, reaches first!
|
Batting: LHB Dustin Taylor
|
0-0: Called Strike 0-1: 2-RUN HOME RUN (Flyball, 9D, EV 95.6 MPH), Distance : 370 ft
|
Batting: RHB Alex Harvey
|
0-0: Ball 1-0: Ball 2-0: Called Strike 2-1: Fly out, F9 (Flyball, 9S, EV 76.9 MPH)
|
Batting: RHB Felix Torres
|
0-0: Ball 1-0: Called Strike 1-1: Called Strike 1-2: Foul Ball, location: 2F 1-2: Strikes out looking
|
Bottom of the 6th over - 2 runs, 1 hit, 0 errors, 0 left on base; Portland 4 - Birmingham 3 |
TOP OF THE 7TH |
Portland Sea Dogs batting - Pitching for Birmingham Barons : RHP George Cooper
|
Batting: LHB Jarrett Mordecai
|
0-0: Foul Ball, location: 2F 0-1: Ball 1-1: Fly out, F6 (Flyball, 6D, EV 85.6 MPH)
|
Batting: RHB John Chiesa
|
0-0: Called Strike 0-1: DOUBLE (Line Drive, 89D, EV 109.4 MPH)
|
Batting: RHB Adugna Chandu
|
0-0: Ball John Chiesa steals 3rd base 1-0: Ball 2-0: Swinging Strike 2-1: Fly out, F9 (Flyball, 89D, EV 96.9 MPH)
|
Batting: RHB Manny Jurado
|
0-0: Ball 1-0: Called Strike 1-1: Foul Ball, location: 2F 1-2: Ball 2-2: Ball 3-2: Base on Balls
|
Batting: RHB Neil Mautone
|
0-0: Ball 1-0: Reached on error, E6 (Groundball, 6, EV 88.1 MPH) John Chiesa scores Manny Jurado to second
|
Batting: RHB Joe Evrard
|
0-0: Ball 1-0: Ball 2-0: Ball 3-0: Called Strike 3-1: Foul Ball, location: 2F 3-2: Foul Ball, location: 2F 3-2: SINGLE (Line Drive, 8RS, EV 90.0 MPH) Manny Jurado to third Neil Mautone to second Manny Jurado scores Neil Mautone to third
|
Batting: LHB Blake Sams
|
0-0: Fly out, F7 (Flyball, 7LS, EV 87.5 MPH)
|
Top of the 7th over - 2 runs, 2 hits, 1 error, 2 left on base; Portland 6 - Birmingham 3 |
BOTTOM OF THE 7TH |
Birmingham Barons batting - Pitching for Portland Sea Dogs : LHP John Hotham
|
Pitching: LHP Taylor Sightler
|
|
Batting: LHB Wes Goscinski
|
0-0: Ground out 4-3 (Groundball, 4, EV 79.4 MPH)
|
Batting: RHB Hector Padilla
|
0-0: Ball 1-0: Foul Ball, location: 2F 1-1: Ball 2-1: Foul Ball, location: 2F 2-2: Foul Ball, location: 2F 2-2: Foul Ball, location: 2F 2-2: Ground out 6-3 (Groundball, 6, EV 108.8 MPH)
|
Batting: RHB Jeff Cox
|
0-0: Called Strike 0-1: Ground out 2-3 (Groundball, 2R, EV 61.9 MPH)
|
Bottom of the 7th over - 0 runs, 0 hits, 0 errors, 0 left on base; Portland 6 - Birmingham 3 |
TOP OF THE 8TH |
Portland Sea Dogs batting - Pitching for Birmingham Barons : RHP George Cooper
|
Pitching: RHP Drew Tollefsen
|
|
Batting: RHB Carlos Nolasco
|
0-0: Swinging Strike 0-1: Foul Ball, location: 2F 0-2: Strikes out swinging
|
Batting: LHB Julian Toney
|
0-0: DOUBLE (Groundball, 3L, EV 108.8 MPH)
|
Batting: LHB Jarrett Mordecai
|
0-0: Intentional Walk
|
Batting: RHB John Chiesa
|
0-0: Called Strike 0-1: Called Strike Julian Toney steals 3rd base (no throw) 0-2: Ball 1-2: Ball 2-2: Strikes out swinging
|
Batting: RHB Adugna Chandu
|
0-0: Ball 1-0: Ball 2-0: Swinging Strike 2-1: Foul Ball, location: 2F 2-2: Ball 3-2: Strikes out swinging
|
Top of the 8th over - 0 runs, 1 hit, 0 errors, 2 left on base; Portland 6 - Birmingham 3 |
BOTTOM OF THE 8TH |
Birmingham Barons batting - Pitching for Portland Sea Dogs : LHP Taylor Sightler
|
Batting: RHB Adam Lambert
|
0-0: Called Strike 0-1: Called Strike 0-2: Ball 1-2: SINGLE (Groundball, 5, EV 101.9 MPH)
|
Batting: SHB In-sung Lee
|
0-0: Ball 1-0: Ball 2-0: Called Strike 2-1: Called Strike 2-2: Fly out, F9 (Flyball, 89M, EV 93.1 MPH)
|
Batting: RHB Paul Lloyd
|
0-0: Ball 1-0: Ball 2-0: Foul Ball, location: 2F 2-1: Called Strike 2-2: Ball 3-2: Fly out, F6 (Line Drive, 6, EV 73.8 MPH) Lined into DP, 6-3 (Line Drive, 6, EV 75.6 MPH)
|
Bottom of the 8th over - 0 runs, 1 hit, 0 errors, 0 left on base; Portland 6 - Birmingham 3 |
TOP OF THE 9TH |
Portland Sea Dogs batting - Pitching for Birmingham Barons : RHP Drew Tollefsen
|
Batting: RHB Manny Jurado
|
0-0: Called Strike 0-1: Ground out 4-3 (Groundball, 4, EV 86.2 MPH)
|
Batting: RHB Neil Mautone
|
0-0: Fly out, F7 (Flyball, 7D, EV 107.5 MPH)
|
Batting: RHB Joe Evrard
|
0-0: Called Strike 0-1: Ball 1-1: Fly out, F8 (Line Drive, 8LM, EV 95.0 MPH)
|
Top of the 9th over - 0 runs, 0 hits, 0 errors, 0 left on base; Portland 6 - Birmingham 3 |
BOTTOM OF THE 9TH |
Birmingham Barons batting - Pitching for Portland Sea Dogs : LHP Taylor Sightler
|
Pitching: RHP Mike Osgood
|
|
Batting: LHB Dustin Taylor
|
0-0: Ball 1-0: Called Strike 1-1: Foul Ball, location: 2F 1-2: Ball 2-2: Foul Ball, location: 2F 2-2: Ball 3-2: Strikes out swinging
|
Batting: RHB Alex Harvey
|
0-0: Ball 1-0: Ball 2-0: Swinging Strike 2-1: Called Strike 2-2: Ground out 6-3 (Groundball, 6, EV 88.1 MPH)
|
Batting: RHB Felix Torres
|
0-0: Called Strike 0-1: DOUBLE (Line Drive, 78D, EV 106.2 MPH)
|
Batting: LHB Wes Goscinski
|
0-0: Foul Ball, location: 2F 0-1: Ball 1-1: Ground out 4-3 (Groundball, 4, EV 85.6 MPH)
|
Bottom of the 9th over - 0 runs, 1 hit, 0 errors, 1 left on base; Portland 6 - Birmingham 3 |
|